MLB
PHILADELPHIA PHILLIES @ HOUSTON ASTROS
07/07/2020
 
TOP OF THE 1ST
Philadelphia Phillies batting - Pitching for Houston Astros : RHP Matt Shoemaker
Pitching: RHP Matt Shoemaker
Batting: RHB Jean Segura 0-0: Ball
1-0: DOUBLE (Groundball, 5L, EV 104.4 MPH)
Batting: RHB Andrew McCutchen 0-0: Called Strike
0-1: Called Strike
0-2: Ground out 2-3 (Groundball, 15S, EV 66.3 MPH)
Jean Segura to third
Batting: LHB Bryce Harper 0-0: Called Strike
0-1: Foul Ball, location: 2F
0-2: Foul Ball, location: 2F
0-2: Ball
1-2: Foul Ball, location: 2F
1-2: Fly out, F6 (Popup, 6, EV 78.1 MPH)
Batting: RHB Rhys Hoskins 0-0: Called Strike
0-1: Ball
1-1: Ball
2-1: Foul Ball, location: 2F
2-2: Ball
3-2: Foul Ball, location: 2F
3-2: Foul Ball, location: 2F
3-2: Ground out 6-3 (Groundball, 6, EV 104.4 MPH)
Top of the 1st over - 0 runs, 1 hit, 0 errors, 1 left on base; Philadelphia 0 - Houston 0
BOTTOM OF THE 1ST
Houston Astros batting - Pitching for Philadelphia Phillies : RHP Zack Wheeler
Pitching: RHP Zack Wheeler
Batting: RHB Jose Altuve 0-0: Ball
1-0: Ball
2-0: Called Strike
2-1: Ball
3-1: DOUBLE (Flyball, 78XD, EV 101.3 MPH)
Batting: LHB Garrett Stubbs 0-0: Ball
1-0: Called Strike
1-1: Foul Ball, location: 2F
1-2: Ground out U3 (Groundball, 34, EV 86.9 MPH)
Jose Altuve to third
Batting: LHB Yordan Alvarez 0-0: Swinging Strike
0-1: Swinging Strike
0-2: Ball
1-2: Strikes out looking
Batting: RHB Alex Bregman 0-0: Called Strike
0-1: Foul Ball, location: 2F
0-2: Ball
1-2: Ball
2-2: Foul Ball, location: 2F
2-2: Ball
3-2: Fly out, F8 (Flyball, 89M, EV 90.0 MPH)
Bottom of the 1st over - 0 runs, 1 hit, 0 errors, 1 left on base; Philadelphia 0 - Houston 0
TOP OF THE 2ND
Philadelphia Phillies batting - Pitching for Houston Astros : RHP Matt Shoemaker
Batting: LHB Didi Gregorius 0-0: Ball
1-0: DOUBLE (Line Drive, 7LS, EV 96.9 MPH)
Batting: RHB Howie Kendrick 0-0: Fly out, F9 (Flyball, 89M, EV 86.9 MPH)
Batting: RHB J.T. Realmuto 0-0: Fly out, F8 (Flyball, 8RM, EV 88.1 MPH)
Batting: SHB Roman Quinn 0-0: DOUBLE (Line Drive, 7LM, EV 93.8 MPH)
Didi Gregorius scores
Batting: RHB Logan Forsythe 0-0: Ball
1-0: Foul Ball, location: 2F
1-1: Ball
2-1: Foul Ball, location: 2F
2-2: Foul Ball, location: 2F
2-2: Foul Ball, location: 2F
2-2: Ball
3-2: Foul Ball, location: 2F
3-2: 2-RUN HOME RUN (Flyball, 7LD, EV 94.4 MPH), Distance : 392 ft
Batting: RHB Jean Segura 0-0: Called Strike
0-1: SINGLE (Line Drive, 78M, EV 88.1 MPH)
Batting: RHB Andrew McCutchen 0-0: Called Strike
0-1: Fly out, F8 (Line Drive, 8LD, EV 96.3 MPH)
Top of the 2nd over - 3 runs, 4 hits, 0 errors, 1 left on base; Philadelphia 3 - Houston 0
BOTTOM OF THE 2ND
Houston Astros batting - Pitching for Philadelphia Phillies : RHP Zack Wheeler
Batting: RHB Carlos Correa 0-0: Ball
1-0: Called Strike
1-1: Ball
2-1: Ball
3-1: Called Strike
3-2: Fly out, F8 (Flyball, 78XD, EV 102.5 MPH)
Batting: LHB Michael Brantley 0-0: Ball
1-0: Fly out, F8 (Line Drive, 8LD, EV 107.5 MPH)
Batting: RHB George Springer 0-0: Foul Ball, location: 2F
0-1: Ball
1-1: Ball
2-1: Ground out 6-3 (Groundball, 6D, EV 90.6 MPH)
Bottom of the 2nd over - 0 runs, 0 hits, 0 errors, 0 left on base; Philadelphia 3 - Houston 0
TOP OF THE 3RD
Philadelphia Phillies batting - Pitching for Houston Astros : RHP Matt Shoemaker
Batting: LHB Bryce Harper 0-0: Ball
1-0: Called Strike
1-1: Ball
2-1: Foul Ball, location: 2F
2-2: SOLO HOME RUN (Line Drive, 9D, EV 100.0 MPH), Distance : 397 ft
Batting: RHB Rhys Hoskins 0-0: Ball
1-0: Ball
2-0: Ball
3-0: Called Strike
3-1: Base on Balls
Batting: LHB Didi Gregorius 0-0: Called Strike
0-1: SINGLE (Line Drive, 89S, EV 93.1 MPH)
Rhys Hoskins to second
Runner from 2nd tries for 3rd, SAFE, throw by RF made to third
Batting: RHB Howie Kendrick 0-0: Called Strike
0-1: Fielders Choice at 2nd, 1-6 (Groundball, 13, EV 68.8 MPH)
Batting: RHB J.T. Realmuto 0-0: Called Strike
0-1: Ball
1-1: Ball
2-1: Foul Ball, location: 2F
2-2: DOUBLE (Line Drive, 78XD, EV 111.9 MPH)
Rhys Hoskins scores
Howie Kendrick to third
Pitching: RHP Yohan Ramirez
Batting: SHB Roman Quinn 0-0: Called Strike
0-1: Ball
1-1: Swinging Strike
1-2: Strikes out swinging
Batting: RHB Logan Forsythe 0-0: Called Strike
0-1: Ball
1-1: Foul Ball, location: 2F
1-2: Strikes out swinging
Top of the 3rd over - 2 runs, 3 hits, 0 errors, 2 left on base; Philadelphia 5 - Houston 0
BOTTOM OF THE 3RD
Houston Astros batting - Pitching for Philadelphia Phillies : RHP Zack Wheeler
Batting: RHB Yuli Gurriel 0-0: Called Strike
0-1: Ball
1-1: Foul Ball, location: 2F
1-2: Ball
2-2: SOLO HOME RUN (Flyball, 7D, EV 95.0 MPH), Distance : 418 ft
Batting: LHB Josh Reddick 0-0: Ground out 3-1 (Groundball, 34, EV 110.0 MPH)
Batting: RHB Jose Altuve 0-0: Called Strike
0-1: Foul Ball, location: 2F
0-2: Ball
1-2: DOUBLE (Groundball, 5L, EV 102.5 MPH)
Batting: LHB Garrett Stubbs 0-0: Called Strike
0-1: Ball
1-1: Ball
2-1: Called Strike
2-2: Ball
3-2: Base on Balls
Batting: LHB Yordan Alvarez 0-0: Called Strike
0-1: Ball
1-1: SINGLE (Groundball, 3S, EV 61.3 MPH) (infield hit)
Jose Altuve to third
Garrett Stubbs to second
Batting: RHB Alex Bregman 0-0: Swinging Strike
0-1: Fly out, F7 (Flyball, 7, EV 91.9 MPH)
Runner from 3rd tags up, SCORES, no throw by LF
Batting: RHB Carlos Correa 0-0: Foul Ball, location: 2F
0-1: Ball
1-1: Ball
2-1: Ball
3-1: Foul Ball, location: 2F
3-2: Strikes out swinging
Bottom of the 3rd over - 2 runs, 3 hits, 0 errors, 2 left on base; Philadelphia 5 - Houston 2
TOP OF THE 4TH
Philadelphia Phillies batting - Pitching for Houston Astros : RHP Yohan Ramirez
Batting: RHB Jean Segura 0-0: SINGLE (Flyball, 56D, EV 89.4 MPH)
Batting: RHB Andrew McCutchen 0-0: Ball
1-0: Ball
2-0: Foul Ball, location: 2F
2-1: Foul Ball, location: 2F
2-2: SINGLE (Groundball, 6MS, EV 69.4 MPH) (infield hit)
Jean Segura to second
Batting: LHB Bryce Harper 0-0: Ball
1-0: Called Strike
1-1: Ball
2-1: Called Strike
2-2: Ball
3-2: Fly out, F8 (Flyball, 8RXD, EV 91.9 MPH)
Runner from 2nd tags up, SAFE at 3rd, no throw by CF
Batting: RHB Rhys Hoskins 0-0: Ball
1-0: Called Strike
1-1: Ball
2-1: Called Strike
2-2: Strikes out swinging
Batting: LHB Didi Gregorius 0-0: Ball
1-0: Ball
2-0: Ground out 4-3 (Groundball, 4, EV 85.0 MPH)
Top of the 4th over - 0 runs, 2 hits, 0 errors, 2 left on base; Philadelphia 5 - Houston 2
BOTTOM OF THE 4TH
Houston Astros batting - Pitching for Philadelphia Phillies : RHP Zack Wheeler
Batting: LHB Michael Brantley 0-0: Ball
1-0: Ground out U3 (Groundball, 3L, EV 78.8 MPH)
Batting: RHB George Springer 0-0: Called Strike
0-1: Ball
1-1: Ball
2-1: Fly out, F9 (Flyball, 89M, EV 87.5 MPH)
Batting: RHB Yuli Gurriel 0-0: Ball
1-0: Fly out, F6 (Popup, 6M, EV 69.4 MPH)
Bottom of the 4th over - 0 runs, 0 hits, 0 errors, 0 left on base; Philadelphia 5 - Houston 2
TOP OF THE 5TH
Philadelphia Phillies batting - Pitching for Houston Astros : RHP Yohan Ramirez
Batting: RHB Howie Kendrick 0-0: Ball
1-0: Ball
2-0: Ball
3-0: Base on Balls
Batting: RHB J.T. Realmuto 0-0: Called Strike
0-1: Ball
1-1: Grounds into double play, U4-3 (Groundball, 6M, EV 82.5 MPH)
Batting: SHB Roman Quinn 0-0: Called Strike
0-1: Ball
1-1: Foul Ball, location: 2F
1-2: Strikes out looking
Top of the 5th over - 0 runs, 0 hits, 0 errors, 0 left on base; Philadelphia 5 - Houston 2
BOTTOM OF THE 5TH
Houston Astros batting - Pitching for Philadelphia Phillies : RHP Zack Wheeler
Batting: LHB Josh Reddick 0-0: Ball
1-0: Called Strike
1-1: Ground out U3 (Groundball, 3L, EV 106.9 MPH)
Batting: RHB Jose Altuve 0-0: Foul Ball, location: 2F
0-1: Ball
1-1: Ball
2-1: Ground out 5-3 (Groundball, 56S, EV 64.4 MPH)
Batting: LHB Garrett Stubbs 0-0: Called Strike
0-1: Ball
1-1: Fly out, F8 (Flyball, 8RD, EV 101.3 MPH)
Bottom of the 5th over - 0 runs, 0 hits, 0 errors, 0 left on base; Philadelphia 5 - Houston 2
TOP OF THE 6TH
Philadelphia Phillies batting - Pitching for Houston Astros : RHP Yohan Ramirez
Batting: RHB Logan Forsythe 0-0: Foul Ball, location: 2F
0-1: Ball
1-1: Foul Ball, location: 2F
1-2: Ball
2-2: Ball
3-2: Foul Ball, location: 2F
3-2: Foul Ball, location: 2F
3-2: Foul Ball, location: 2F
3-2: Base on Balls
Pitching: LHP Framber Valdez
Batting: RHB Jean Segura 0-0: Fly out, F3 (Line Drive, 3, EV 71.3 MPH)
Lined into DP, U3 (Line Drive, 3, EV 68.8 MPH)
Batting: RHB Andrew McCutchen 0-0: Ball
1-0: Ball
2-0: Foul Ball, location: 2F
2-1: Ball
3-1: Swinging Strike
3-2: Foul Ball, location: 2F
3-2: Foul Ball, location: 2F
3-2: Foul Ball, location: 2F
3-2: Base on Balls
Batting: LHB Bryce Harper 0-0: Called Strike
0-1: Ground out 4-3 (Groundball, 4D, EV 81.9 MPH)
Top of the 6th over - 0 runs, 0 hits, 0 errors, 1 left on base; Philadelphia 5 - Houston 2
BOTTOM OF THE 6TH
Houston Astros batting - Pitching for Philadelphia Phillies : RHP Zack Wheeler
Batting: LHB Yordan Alvarez 0-0: Ball
1-0: Called Strike
1-1: Called Strike
1-2: Strikes out swinging
Batting: RHB Alex Bregman 0-0: Called Strike
0-1: Ball
1-1: Called Strike
1-2: Foul Ball, location: 2F
1-2: Strikes out looking
Batting: RHB Carlos Correa 0-0: Ball
1-0: Swinging Strike
1-1: Called Strike
1-2: Strikes out swinging
Bottom of the 6th over - 0 runs, 0 hits, 0 errors, 0 left on base; Philadelphia 5 - Houston 2
TOP OF THE 7TH
Philadelphia Phillies batting - Pitching for Houston Astros : LHP Framber Valdez
Batting: RHB Rhys Hoskins 0-0: Ball
1-0: Ball
2-0: Ball
3-0: Called Strike
3-1: Swinging Strike
3-2: Strikes out swinging
Batting: LHB Didi Gregorius 0-0: Called Strike
0-1: Ball
1-1: Swinging Strike
1-2: Ball
2-2: Strikes out swinging
Batting: RHB Howie Kendrick 0-0: Hit by Pitch
Batting: RHB J.T. Realmuto 0-0: Ball
1-0: Ball
2-0: Ball
3-0: Called Strike
3-1: Fly out, F8 (Flyball, 8LXD, EV 104.4 MPH)
Top of the 7th over - 0 runs, 0 hits, 0 errors, 1 left on base; Philadelphia 5 - Houston 2
BOTTOM OF THE 7TH
Houston Astros batting - Pitching for Philadelphia Phillies : RHP Zack Wheeler
Batting: LHB Michael Brantley 0-0: Ball
1-0: Called Strike
1-1: Ball
2-1: Ground out 4-3 (Groundball, 34, EV 97.5 MPH)
Batting: RHB George Springer 0-0: Ball
1-0: Ball
2-0: Bunt for hit to 13S - play at first, batter OUT! 1-3
Batting: RHB Yuli Gurriel 0-0: Ball
1-0: Foul Ball, location: 2F
1-1: Reached on error, E4 (Groundball, 4, EV 86.9 MPH)
Batting: LHB Josh Reddick 0-0: Foul Ball, location: 2F
0-1: Swinging Strike
0-2: Ball
1-2: Ball
2-2: Strikes out swinging
Bottom of the 7th over - 0 runs, 0 hits, 1 error, 1 left on base; Philadelphia 5 - Houston 2
TOP OF THE 8TH
Philadelphia Phillies batting - Pitching for Houston Astros : LHP Framber Valdez
Batting: SHB Roman Quinn 0-0: Ball
1-0: Ball
2-0: Ball
3-0: Foul Ball, location: 2F
3-1: Base on Balls
Pitching: RHP Joe Biagini
Batting: RHB Logan Forsythe 0-0: Called Strike
Roman Quinn steals 2nd base (no throw)
0-1: Swinging Strike
0-2: Strikes out looking
Batting: RHB Jean Segura 0-0: Ball
1-0: Called Strike
1-1: Swinging Strike
1-2: Ball
2-2: Foul Ball, location: 2F
2-2: SINGLE (Groundball, 4M, EV 99.4 MPH) (infield hit)
Roman Quinn to third
Batting: RHB Andrew McCutchen 0-0: Foul Ball, location: 2F
0-1: Ball
1-1: Ball
2-1: Called Strike
2-2: Strikes out swinging
Batting: LHB Bryce Harper 0-0: Ball
1-0: Ball
2-0: Ball
3-0: Base on Balls
Jean Segura to second
Batting: RHB Rhys Hoskins 0-0: Called Strike
0-1: Ball
1-1: Called Strike
1-2: Ball
2-2: Ball
3-2: Foul Ball, location: 2F
3-2: Fly out, F7 (Flyball, 78XD, EV 96.9 MPH)
Top of the 8th over - 0 runs, 1 hit, 0 errors, 3 left on base; Philadelphia 5 - Houston 2
BOTTOM OF THE 8TH
Houston Astros batting - Pitching for Philadelphia Phillies : RHP Zack Wheeler
Pitching: RHP Victor Arano
Batting: RHB Jose Altuve 0-0: Ball
1-0: Ball
2-0: Ball
3-0: Base on Balls
Batting: LHB Garrett Stubbs 0-0: Ball
1-0: Ball
2-0: Ball
3-0: Called Strike
3-1: Foul Ball, location: 2F
3-2: Fly out, F9 (Flyball, 89S, EV 82.5 MPH)
Batting: LHB Yordan Alvarez 0-0: Ball
1-0: Ball
2-0: Fly out, F7 (Flyball, 7S, EV 79.4 MPH)
Batting: RHB Alex Bregman 0-0: Called Strike
0-1: Ball
1-1: Foul Ball, location: 2F
1-2: Ball
2-2: Ball
3-2: SINGLE (Line Drive, 78S, EV 100.6 MPH)
Jose Altuve to second
Jose Altuve to third
Batting: RHB Carlos Correa 0-0: Ball
1-0: Swinging Strike
1-1: Swinging Strike
1-2: Strikes out swinging
Bottom of the 8th over - 0 runs, 1 hit, 0 errors, 2 left on base; Philadelphia 5 - Houston 2
TOP OF THE 9TH
Philadelphia Phillies batting - Pitching for Houston Astros : RHP Joe Biagini
Batting: LHB Didi Gregorius 0-0: Ball
1-0: Ball
2-0: Foul Ball, location: 2F
2-1: Foul Ball, location: 2F
2-2: Fly out, F3 (Line Drive, 3, EV 66.3 MPH)
Batting: RHB Howie Kendrick 0-0: Ball
1-0: Ball
2-0: Called Strike
2-1: SINGLE (Line Drive, 5D, EV 103.1 MPH)
Pitching: RHP Joe Smith
Batting: RHB J.T. Realmuto 0-0: Called Strike
0-1: Ball
1-1: Ball
2-1: Fly out, F7 (Flyball, 7LS, EV 89.4 MPH)
Batting: SHB Roman Quinn 0-0: Called Strike
0-1: Ball
1-1: Ball
2-1: SINGLE (Line Drive, 8LS, EV 99.4 MPH)
Howie Kendrick to second
Batting: RHB Logan Forsythe 0-0: Ball
1-0: Ball
2-0: Called Strike
2-1: DOUBLE (Line Drive, 7D, EV 93.8 MPH)
Howie Kendrick scores
Roman Quinn to third
Runner from 3rd tries for Home, SAFE, no throw by LF
Batting: RHB Jean Segura 0-0: Foul Ball, location: 2F
0-1: Ball
1-1: DOUBLE (Line Drive, 9LD, EV 106.9 MPH)
Logan Forsythe scores
Batting: RHB Andrew McCutchen 0-0: Called Strike
0-1: Ball
1-1: Foul Ball, location: 2F
1-2: Foul Ball, location: 2F
1-2: Ground out 4-3 (Groundball, 6M, EV 85.6 MPH)
Top of the 9th over - 3 runs, 4 hits, 0 errors, 1 left on base; Philadelphia 8 - Houston 2
BOTTOM OF THE 9TH
Houston Astros batting - Pitching for Philadelphia Phillies : RHP Victor Arano
Batting: LHB Michael Brantley 0-0: Called Strike
0-1: Ground out 4-3 (Groundball, 4M, EV 84.4 MPH)
Batting: RHB George Springer 0-0: Foul Ball, location: 2F
0-1: Swinging Strike
0-2: Strikes out swinging
Batting: RHB Yuli Gurriel 0-0: SINGLE (Groundball, 6MD, EV 103.8 MPH)
Batting: LHB Josh Reddick 0-0: Called Strike
0-1: Swinging Strike
0-2: Strikes out swinging
Bottom of the 9th over - 0 runs, 1 hit, 0 errors, 1 left on base; Philadelphia 8 - Houston 2
Monday, July 13th, 2020 - OOTP Baseball 21.4 Build 63